 Dungeon Crawl Stone Soup version 0.16.2-12-gd0ad4c3 (webtiles) character file.

357 SlimeFever the Chopper (level 6, -1/56 HPs)
             Began as a Minotaur Berserker on Sept 26, 2015.
             Was a Priest of Trog.
             Slain by a slave (5 damage)
             ... led by Pikel
             ... on level 4 of the Dungeon.
             The game lasted 00:50:53 (3447 turns).

SlimeFever the Chopper (Minotaur Berserker)         Turns: 3447, Time: 00:50:54

Health: -1/56      AC:  5    Str: 26    XL:     6   Next: 37%
Magic:  3/3        EV: 12    Int:  4    God:    Trog [***...]
Gold:   174        SH:  0    Dex:  9    Spells: 0 memorised, 5 levels left

rFire  + . .     SeeInvis .     D - +0 hand axe (freeze)
rCold  . . .     Clarity  .     l - +0 leather armour
rNeg   . . .     SustAb   .     (no shield)
rPois  .         Gourm    .     (helmet restricted)
rElec  .         Spirit   .     C - +0 cloak
rCorr  .         Warding  .     (no gloves)
rMut   .         Stasis   .     x - +0 pair of boots
MR     .....                    (no amulet)
Stlth  ++........               y - +2 ring of strength
                                t - ring of stealth

@: starving, not resistant to hostile enchantments, unstealthy
A: retaliatory headbutt, horns 2, fire resistance 1
a: Burn Spellbooks, Berserk, Trog's Hand, Renounce Religion


You were on level 4 of the Dungeon.
You worshipped Trog.
Trog was most pleased with you.
You were starving.

You visited 1 branch of the dungeon, and saw 4 of its levels.

You collected 174 gold pieces.

Inventory:

Hand weapons
 a - a +0 long sword
 d - a +0 dagger
 f - a +0 short sword
 i - a +0 club
 k - a +0 dagger
 o - a +0 flail of protection
 p - a +4 hand axe
 r - a +0 whip
 z - a +0 mace
 A - a +0 hammer
 D - a +0 hand axe of freezing (weapon)
 F - a +0 spear
 I - a cursed -3 halberd
 L - a +0 blowgun
 O - a cursed -3 giant club
Missiles
 e - 23 silver sling bullets
 g - 51 poisoned needles
 s - 91 stones (quivered)
 G - 16 sling bullets
 H - 8 poisoned sling bullets
Armour
 b - a +0 animal skin
 l - a +0 leather armour (worn)
 x - a +0 pair of boots (worn)
 B - a +0 robe
 C - a +0 cloak (worn)
 J - a +0 ring mail
 N - a +0 scale mail
Jewellery
 t - a ring of stealth (left hand)
 y - a +2 ring of strength (right hand)
Scrolls
 j - a scroll of identify
 m - 4 scrolls of remove curse
 M - a scroll of noise
Potions
 n - a potion of curing {unknown}
 q - a potion of ambrosia
 E - a potion of invisibility {unknown}
Comestibles
 c - 5 bread rations
 u - 3 royal jellies
 v - a meat ration


   Skills:
 + Level 5.3 Fighting
 + Level 5.4 Axes
 + Level 0.6 Throwing
 + Level 3.1 Armour
 + Level 4.2 Dodging
 + Level 1.6 Stealth


You had 5 spell levels left.
You didn't know any spells.

Dungeon Overview and Level Annotations

Branches:
Dungeon (4/15)
 Temple: D:4-7

Altars:
Ashenzari
Trog

Shops:
D:4 }

Annotations:
D:4 Crazy Yiuf, Pikel


Innate Abilities, Weirdness & Mutations

You reflexively headbutt those who attack you in melee.
You have a pair of horns on your head.
Your flesh is heat resistant.


Message History

Pikel hits you with a whip of electrocution.
* * * LOW HITPOINT WARNING * * *
As you read the scroll labeled VAOSEI CUCVUIS, it crumbles to dust.
You feel strangely unstable.
It was a scroll of teleportation.
Pikel barely misses you. You furiously retaliate!
You headbutt Pikel, but do no damage.
Press: ? - help, v - describe, . - travel, g - get item An animal skin.
There is something else lying underneath.
The floor, spattered with blood.
As you read the scroll labeled ATYOFE GYEM, it crumbles to dust.
The dust glows brilliant gold!
It was a scroll of random uselessness.
Your surroundings suddenly seem different.
You lose consciousness!
You can move again.
The slave hits you.
* * * LOW HITPOINT WARNING * * *
There is a stone staircase leading down here.
The slave hits you.
You die...

##### ## #...# .# #...#
.# #...# ########## .#
#...# #........#
.###...#######........###
...'........p.pp@.......#
.#.#.†..######......###.#
.#.#....# #......# #.#
.#.#....# #......# #.#
.p.#...p# #......# #.#
##.#.##.# #......# #.#
...#+##.# #......# #.#
........# #......#
#.######### <#...p†.#
##########.........#


You could see 3 slaves.

Vanquished Creatures
  A slave (D:4)
  An ogre (D:4)
  A hound (D:4)
  An orc priest (D:4)
  2 worker ants (D:4)
  5 adders
  A giant mite (D:1)
  2 worms
  7 orcs
  9 bats
  A giant cockroach (D:1)
  10 goblins
  8 hobgoblins
  5 jackals
  12 kobolds
  A quokka (D:2)
  5 giant geckos
  4 giant newts
  14 rats
  6 plants
96 creatures vanquished.

Vanquished Creatures (others)
  A giant cockroach (D:2)
  A goblin (D:2)
  A rat (D:2)
3 creatures vanquished.

Grand Total: 99 creatures vanquished

Notes
Turn   | Place    | Note
--------------------------------------------------------------
     0 | D:1      | SlimeFever, the Minotaur Berserker, began the quest for the Orb.
     0 | D:1      | Reached XP level 1. HP: 19/19 MP: 1/1
    32 | D:1      | Reached XP level 2. HP: 17/27 MP: 1/1
   146 | D:1      | Reached skill level 4 in Axes
   752 | D:1      | Reached XP level 3. HP: 22/33 MP: 2/2
  1128 | D:2      | Acquired Trog's second power
  1416 | D:2      | Noticed a moth of wrath
  1422 | D:2      | Reached XP level 4. HP: 41/41 MP: 2/2
  1919 | D:2      | Found a bloodstained altar of Trog.
  2098 | D:3      | Found a shattered altar of Ashenzari.
  2362 | D:3      | Gained mutation: Your flesh is heat resistant. [potion of beneficial mutation]
  2572 | D:3      | Reached skill level 1 in Stealth
  2759 | D:3      | Reached XP level 5. HP: 47/47 MP: 2/2
  2885 | D:4      | Reached skill level 5 in Axes
  2928 | D:4      | Noticed Crazy Yiuf
  3031 | D:4      | Reached skill level 5 in Fighting
  3339 | D:4      | Noticed a slave
  3360 | D:4      | Noticed an ogre
  3366 | D:4      | Killed an ogre
  3366 | D:4      | Reached XP level 6. HP: 39/56 MP: 3/3
  3381 | D:4      | Found Vitoclue's Gadget Shoppe.
  3382 | D:4      | Noticed a slave
  3391 | D:4      | Noticed Pikel
  3392 | D:4      | Noticed a slave
  3392 | D:4      | Noticed a slave
  3411 | D:4      | Killed a slave
  3426 | D:4      | HP: 1/56 [slave[Pikel] (6)]
  3447 | D:4      | Slain by a slave

Action                   |  1- 3 |  4- 6 || total
-------------------------+-------+-------++-------
Melee: Hand axe          |   234 |   149 ||   383
Throw: Stone             |     3 |    15 ||    18
  Use: Scroll            |       |     7 ||     7
       Potion            |       |     1 ||     1
 Stab: Sleeping          |     1 |       ||     1
  Eat: Bread ration      |     1 |       ||     1
       Pizza             |       |     1 ||     1
